 Dungeon Crawl Stone Soup version 0.26-a0-665-gefeb406119 (webtiles) character file.

Game seed: 9037158536722053598

37177 Radels the Transmogrifier (level 13, -4/130 HPs)
             Began as a Red Draconian Transmuter on Oct 14, 2020.
             Was a High Priest of Wu Jian.
             Slain by a 12-headed hydra (7 damage)
             ... on level 5 of the Lair of Beasts on Oct 15, 2020.
             The game lasted 01:24:34 (23451 turns).

Radels the Transmogrifier (DrTm)                   Turns: 23451, Time: 01:24:34

Health: -4/130     AC: 12    Str: 12    XL:     13   Next: 57%
Magic:  25/29      EV: 21    Int: 22    God:    Wu Jian [*****.]
Gold:   969        SH:  5    Dex: 14    Spells: 5/20 levels left

rFire    + . .     SeeInvis .     - Unarmed
rCold    . . .     Faith    .   (shield currently unavailable)
rNeg     . . .     Spirit   .   (armour unavailable)
rPois    .         Reflect  +   R - +3 hat of Pondering {ponderous, MR+ MP+10 Int+5}
rElec    .         Harm     .   O - +0 cloak
rCorr    .         Rampage  .   (gloves currently unavailable)
MR       +....                  (no boots)
Stlth    +.........             x - amulet of reflection
HPRegen  0.31/turn              y - +4 ring of slaying
MPRegen  0.21/turn              g - +4 ring of evasion

@: exhausted, blade hands, wereblooded, slow
A: breathe fire, unfitting armour, claws 1, fire resistance 1, robust 1,
cold-blooded, AC +8
a: Breathe Fire, End Transformation, Wall Jump, Serpent's Lash, Heavenly Storm,
Renounce Religion


You were on level 5 of the Lair of Beasts.
You worshipped Wu Jian.
Wu Jian was extremely pleased with you.
You had blades for hands.
You visited 3 branches of the dungeon, and saw 18 of its levels.

You collected 969 gold pieces.

Inventory:

Missiles
 c - 3 throwing nets
 l - 76 poisoned darts (quivered)
Armour
 F - a +0 kite shield
 O - a +0 cloak (worn)
 R - the +3 hat of Pondering (worn) {ponderous, MR+ MP+10 Int+5}
   (You took it off Gastronok on level 11 of the Dungeon)

   It affects your intelligence (+5).
   It affects your resistance to hostile enchantments.
   It affects your magic capacity (+10).
Jewellery
 g - a +4 ring of evasion (right scythe-like blade)
 i - an uncursed ring of protection from fire
 q - a +6 ring of dexterity
 w - an uncursed amulet of the acrobat
 x - an amulet of reflection (around neck)
 y - a +4 ring of slaying (left scythe-like blade)
 D - an uncursed ring of positive energy
 P - an uncursed ring of protection from fire
Wands
 s - a wand of disintegration (30)
 t - a wand of iceblast (22)
 B - a wand of polymorph (14)
 G - a wand of acid (41)
 K - a wand of digging (2)
 N - a wand of enslavement (6)
 T - a wand of paralysis (18)
Scrolls
 a - 2 scrolls of enchant weapon
 d - 5 scrolls of fear
 e - a scroll of vulnerability {unknown}
 h - a scroll of noise
 k - a scroll of amnesia
 o - 4 scrolls of enchant armour
 v - 7 scrolls of remove curse
 z - a scroll of immolation
 E - a scroll of silence
 J - 2 scrolls of magic mapping
 Q - 2 scrolls of blinking {unknown}
 S - 3 scrolls of teleportation
 U - a scroll of holy word
 V - a scroll of acquirement {unknown}
 X - a scroll of fog
Potions
 b - 3 potions of mutation
 f - 13 potions of ambrosia
 j - 3 potions of degeneration
 m - a potion of berserk rage
 n - 4 potions of curing
 p - 2 potions of heal wounds {unknown}
 r - a potion of resistance
 u - 4 potions of stabbing
 A - 7 potions of lignification
 C - 2 potions of invisibility {unknown}
 H - 2 potions of might
 I - 3 potions of flight
 W - a potion of cancellation {unknown}
 Z - a potion of brilliance
Miscellaneous
 L - a condenser vane (2/2)
 M - a tin of tremorstones (3/3)
 Y - a box of beasts (3/3)


   Skills:
 + Level 12.6 Fighting
 - Level 8.0 Dodging
 - Level 12.0 Unarmed Combat
 - Level 4.0 Spellcasting
 - Level 14.0 Transmutations
 - Level 1.0 Poison Magic


You had 5 spell levels left.
You knew the following spells:

 Your Spells              Type           Power        Failure   Level
a - Beastly Appendage     Tmut           ######       5%          1
b - Wereblood             Tmut           ######..     6%          2
c - Blade Hands           Tmut           ######....   16%         5
d - Ice Form              Ice/Tmut       #####...     36%         4
s - Spider Form           Tmut/Pois      #####.....   19%         3

Your spell library contained the following spells:

 Spells                   Type           Power        Failure   Level
 Animate Skeleton         Necr           #.....       47%         1
 Corona                   Hex            #......      47%         1
 Pain                     Necr           #...         47%         1
 Slow                     Hex            #.......     58%         2
 Inner Flame              Hex/Fire       #.......     75%         3
 Portal Projectile        Hex/Tloc       #.....       75%         3
 Vampiric Draining        Necr           #.........   75%         3
 Animate Dead             Necr           #.........   96%         4
 Cause Fear               Hex            #.........   96%         4
 Leda's Liquefaction      Hex/Erth       #.........   96%         4
 Agony                    Necr           #.......     100%        5


Dungeon Overview and Level Annotations

Branches:
Dungeon (12/15)            Temple (1/1) D:6            Lair (5/6) D:10
  Swamp (0/4) Lair:3        Snake (0/4) Lair:4          Orc (0/2) D:9
  Slime: Lair:5-6

Altars:
Ashenzari
Cheibriados
Dithmenos
Elyvilon
Fedhas
Gozag
Hepliaklqana
Kikubaaqudgha
Makhleb
Nemelex Xobeh
Okawaru
Qazlal
Ru
Sif Muna
Trog
Uskayaw
Vehumet
Wu Jian
Xom
Yredelemnul
Zin
The Shining One

Annotations:
D:3 2 transporters, Sar's ghost, amateur KoDe
D:8 2 transporters


Innate Abilities, Weirdness & Mutations

You can breathe blasts of fire.
Your fiery red scales are hard. (AC +8)
You cannot fit into any form of body armour.
Your flesh is heat resistant. (rF+)
You are cold-blooded and may be slowed by cold attacks.
You have sharp fingernails.
You are robust. (+10% HP)


Message History

The 12-headed hydra misses you. The cane toad closely misses you.
The bullfrog closely misses you.
Unknown command.
Okay, then.
You are too exhausted to lash out.
You spin and attack the cane toad repeatedly.
You slice the cane toad!!
You kill the cane toad!
The Council accepts your kill.
The bullfrog hits you but does no damage.
The 12-headed hydra barely misses you. You block the 12-headed hydra's attack.
The 12-headed hydra bites you but does no damage.
The 12-headed hydra closely misses you. The 12-headed hydra barely misses you.
The 12-headed hydra bites you.
* * * LOW HITPOINT WARNING * * *
The 12-headed hydra bites you.
* * * LOW HITPOINT WARNING * * *
The 12-headed hydra bites you but does no damage.
The 12-headed hydra closely misses you. The 12-headed hydra bites you!
You die...

#................................
..#......P....#...............P..
..............#..................
...P...#.....#...P..............P
..##.........##.##...............
..#..........#..##.P.............
..............#.##..P............
....................#.....
#......P.P...#..@P..#.....
.........P...##.DF......#.
.......P.....#...†........
.............#.....PP.....
...................P......
.......#......#.#..##..... .
#........#..# .....
........#.#P.# ....
P.....P..#.##.#......


You could see a 12-headed hydra and a bullfrog.

Vanquished Creatures
  Gastronok (D:11)
  3 hydras
  Erica (D:11)
  A two-headed ogre (D:10)
  Nergalle (D:11)
  An ugly thing (D:11)
  A salamander (Lair:2)
  11 elephants
  3 torpor snails
  A kobold demonologist (D:12)
  15 cane toads
  5 rime drakes
  4 komodo dragons
  A freezing wraith (D:12)
  A troll (D:10)
  A polar bear (Lair:3)
  A queen bee (Lair:3)
  Prince Ribbit (Lair:3)
  19 blink frogs
  3 wyverns
  38 yaks
  2 basilisks
  2 fire bats (Lair:2)
  4 vampire mosquitoes
  Menkaure (D:4)
  2 nagas (Lair:4)
  Edmund (D:6)
  A water moccasin (D:10)
  2 phantoms
  5 orc warriors
  3 sky beasts
  A black bear (Lair:1)
  4 ogres
  16 wolves
  8 centaurs
  A big kobold (D:9)
  19 bullfrogs
  2 gnoll sergeants (D:7)
  2 scorpions
  23 killer bees (Lair:3)
  3 wights (D:9)
  2 electric eels
  2 lava snakes (Lair:2)
  A centaur zombie (D:6)
  A quasit (D:11)
  2 centaur skeletons
  3 orc priests
  3 hounds
  2 jellies (D:8)
  3 bullfrog skeletons
  Jessica (D:3)
  4 iguanas
  Ijyb (D:3)
  16 orc wizards
  6 worker ants
  7 hell rats
  A hound skeleton (D:5)
  11 gnolls
  10 adders
  2 shadow imps
  3 white imps
  2 ufetubi
  2 oozes
  2 adder skeletons (D:7)
  3 dart slugs
  3 leopard geckos
  43 orcs
  3 bats
  5 giant cockroaches
  8 goblins
  6 hobgoblins
  13 jackals
  12 kobolds
  6 quokkas
  2 ball pythons
  3 frilled lizards
  A quokka skeleton (D:4)
  6 rats
  A butterfly (Lair:1)
417 creatures vanquished.

Vanquished Creatures (others)
  8 fungi
  7 plants
15 creatures vanquished.

Grand Total: 432 creatures vanquished

Notes
Turn   | Place    | Note
-------+----------+-------------------------------------------
     0 | D:1      | Radels the Draconian Transmuter began the quest for the
                  | Orb.
     0 | D:1      | Reached XP level 1. HP: 16/16 MP: 3/3
   546 | D:1      | Reached XP level 2. HP: 23/23 MP: 3/5
  1099 | D:1      | Learned a level 2 spell: Wereblood
  1109 | D:2      | Reached XP level 3. HP: 11/29 MP: 2/6
  1407 | D:1      | Learned a level 3 spell: Spider Form
  1653 | D:2      | Found an ancient bone altar of Kikubaaqudgha.
  1655 | D:2      | Found a blossoming altar of Fedhas.
  2060 | D:2      | Found a shadowy altar of Dithmenos.
  2290 | D:3      | Found a snail-covered altar of Cheibriados.
  2304 | D:3      | Reached XP level 4. HP: 35/36 MP: 5/7
  2477 | D:3      | Reached skill level 3 in Transmutations
  2681 | D:3      | Reached skill level 1 in Poison Magic
  2687 | D:3      | Noticed Jessica
  2693 | D:3      | Killed Jessica
  2820 | D:3      | Noticed Ijyb
  2840 | D:3      | Killed Ijyb
  2954 | D:3      | Found a faded altar of an unknown god.
  3029 | D:3      | Found a transporter.
  3037 | D:3      | Noticed an ogre
  3038 | D:3      | Noticed Sar's ghost (amateur KoDe)
  3038 | D:3      | Noticed an ogre
  3039 | D:3      | Found a transporter.
  3224 | D:4      | Reached XP level 5. HP: 41/41 MP: 6/8
  3236 | D:4      | Noticed an ogre
  3642 | D:4      | Killed an ogre
  3642 | D:4      | Reached skill level 4 in Transmutations
  4010 | D:4      | Noticed Menkaure
  4152 | D:4      | Killed Menkaure
  4152 | D:4      | Reached skill level 5 in Unarmed Combat
  4152 | D:4      | Reached skill level 5 in Transmutations
  4152 | D:4      | Reached XP level 6. HP: 30/48 MP: 7/9
  4871 | D:4      | Reached skill level 6 in Transmutations
  4871 | D:4      | Your scales start taking on a fiery red colour.
  4871 | D:4      | Reached XP level 7. HP: 41/55 MP: 7/10
  4871 | D:4      | Gained mutation: Your flesh is heat resistant. (rF+) [Red
                  | Draconian growth]
  5342 | D:5      | Entered Level 5 of the Dungeon
  5519 | D:5      | Learned a level 5 spell: Blade Hands
  6808 | D:6      | Reached skill level 7 in Transmutations
  7044 | D:6      | Found an iron altar of Okawaru.
  7072 | D:6      | Reached XP level 8. HP: 58/66 MP: 10/12
  7363 | D:6      | Found a glowing golden altar of the Shining One.
  7617 | D:6      | Found a staircase to the Ecumenical Temple.
  7626 | Temple   | Entered the Ecumenical Temple
  7709 | Temple   | Became a worshipper of the Wu Jian Council
  7863 | D:6      | Noticed Edmund
  8271 | D:7      | Reached skill level 5 in Fighting
  8492 | D:7      | Found a sacrificial altar of Ru.
  9258 | D:7      | Reached skill level 8 in Transmutations
  9588 | D:7      | Reached XP level 9. HP: 71/75 MP: 10/13
 10041 | D:7      | Reached * piety under Wu Jian
 10312 | D:6      | Killed Edmund
 10312 | D:6      | Reached skill level 9 in Transmutations
 10482 | D:8      | Found a transporter.
 10688 | D:8      | Found a transporter.
 10703 | D:8      | Got a jewelled long sword
 10704 | D:8      | Identified the +4 long sword of Optimality {vorpal, MR++}
                  | (You found it on level 8 of the Dungeon)
 11133 | D:8      | Found a shimmering altar of Xom.
 11154 | D:8      | Reached ** piety under Wu Jian
 11315 | D:9      | Found a staircase to the Orcish Mines.
 11574 | D:9      | Found a glowing silver altar of Zin.
 12118 | D:10     | Entered Level 10 of the Dungeon
 12293 | D:10     | Noticed a death yak
 12299 | D:10     | Noticed a death yak
 12299 | D:10     | Noticed a death yak
 12513 | D:10     | Found a staircase to the Lair.
 12834 | D:10     | Found a shimmering blue altar of Sif Muna.
 12864 | D:10     | Noticed a two-headed ogre
 12911 | D:10     | Killed a two-headed ogre
 12911 | D:10     | Reached XP level 10. HP: 90/90 MP: 10/16
 13458 | D:11     | Reached skill level 10 in Transmutations
 13618 | D:11     | Noticed Nergalle
 13996 | D:11     | Killed Nergalle
 14148 | D:11     | Noticed Erica
 14159 | D:11     | Killed Erica
 14159 | D:11     | Reached skill level 11 in Transmutations
 14297 | D:11     | Noticed a green ugly thing
 14312 | D:11     | Killed a green ugly thing
 14474 | D:11     | Noticed Gastronok
 14488 | D:11     | Killed Gastronok
 14488 | D:11     | Reached skill level 10 in Fighting
 14488 | D:11     | Reached XP level 11. HP: 99/99 MP: 11/17
 14696 | D:11     | Learned a level 4 spell: Ice Form
 14949 | D:12     | Reached *** piety under Wu Jian
 15349 | D:12     | Reached skill level 12 in Transmutations
 15387 | D:12     | Noticed a death knight
 15602 | D:12     | Identified the +4 chain mail of Lies {*Slow rF+ Dex+5}
 15602 | D:12     | Noticed a skeletal warrior
 15715 | D:12     | Noticed a red ugly thing
 15736 | D:12     | Gained mutation: You are robust. (+10% HP) [potion of
                  | mutation]
 15736 | D:12     | Gained mutation: You have sharp fingernails. [potion of
                  | mutation]
 16118 | Lair:1   | Entered Level 1 of the Lair of Beasts
 16141 | Lair:1   | Reached skill level 13 in Transmutations
 16524 | Lair:1   | Reached skill level 5 in Dodging
 17077 | Lair:1   | Noticed a seven-headed hydra
 17100 | Lair:1   | Killed a seven-headed hydra
 17100 | Lair:1   | Reached XP level 12. HP: 109/116 MP: 18/18
 17835 | Lair:2   | Reached **** piety under Wu Jian
 18270 | Lair:2   | Reached skill level 14 in Transmutations
 19207 | Lair:3   | Found a staircase to the Swamp.
 19489 | Lair:3   | Reached skill level 10 in Unarmed Combat
 20122 | Lair:3   | Noticed a five-headed hydra
 20139 | Lair:3   | Killed a five-headed hydra
 20341 | Lair:3   | Noticed Prince Ribbit
 20346 | Lair:3   | Killed Prince Ribbit
 20362 | Lair:3   | Reached XP level 13. HP: 113/124 MP: 19/19
 20602 | Lair:3   | Reached ***** piety under Wu Jian
 22564 | Lair:4   | Found a staircase to the Snake Pit.
 23451 | Lair:5   | HP: 3/130 [12-headed hydra (4)]
 23451 | Lair:5   | Slain by a 12-headed hydra

Illustrated notes

Levels and vault maps discovered:
D:1:      dpeg_arrival_radiant, layout_loops_ring,
          hangedman_abyss_or_decor_stabs
D:2:      layout_basic, grunt_temple_overflow_growth_and_decay,
          grunt_dithmenos_smoke_and_mirrors, minmay_misc_feat_diagonals
D:3:      layout_basic, cheibriados_altar_1, chequers_ecumenical_altar_grove,
          gammafunk_ghost_smash, uniq_jessica, uniq_ijyb
D:4:      layout_rooms, uniq_menkaure
D:5:      layout_basic
D:6:      wad_pebble_path, layout_basic, nicolae_overflow_hidden_temple,
          old_standard_altar, temple_hall, serial_curves, eino_curves_01,
          eino_curves_02, uniq_edmund
D:7:      layout_loops_cross, nicolae_ru_sacrificial_ziggurat, grunt_tough_drop
D:8:      gammafunk_steamed_eel, layout_loops_cross, brannock_xom_greatest_gift
D:9:      layout_basic, zin_statuary, orc_0_dummy, serial_glass,
          glass_columns_a, glass_columns_a
D:10:     cheibrodos_iron_armory, layout_long_grid, dpeg_lair_monsters, tgw_sif
D:11:     layout_irregular_city, uniq_erica, uniq_nergalle, uniq_gastronok
D:12:     layout_basic
Temple:   dshaligram_water_room_temple
Lair:1:   layout_cave_pods, columned_hall_lemuel, beast_lair_carwin_9,
          lemuel_fruit_tree, grunt_megastairs_2, infiniplex_staircase_pool,
          serial_bayou_shore_b, lemuel_fruit_fields
Lair:2:   layout_gridlike, beast_lair_carwin_5
Lair:3:   layout_cave_pods, minmay_swamp_entry_swarm, special_room
          [special_room_bee], uniq_prince_ribbit2
Lair:4:   layout_cave_pods, guppyfry_snake_entry_island,
          chequers_serial_rivers_micro_b, grunt_megastairs_1
Lair:5:   layout_long_grid, slime_altar_1, beast_lair_carwin_6

Skill      XL: |  1  2  3  4  5  6  7  8  9 10 11 12 13 |
---------------+----------------------------------------+-----
Dodging        | 2 4 7 8 |  8.0
Fighting       | 2 4 6 8 10 12 | 12.6
Transmutations | 3 5 6 7 8 9 11 13 14 | 14.0
Poison Magic   | 1 |  1.0
Unarmed Combat | 4 5 7 8 11 12 | 12.0
Spellcasting   | 3 4 |  4.0

Action                   |  1- 3 |  4- 6 |  7- 9 | 10-12 | 13-15 || total
-------------------------+-------+-------+-------+-------+-------++-------
Melee: Unarmed           |    95 |   102 |   437 |   409 |   178 ||  1221
       Headbutt          |     9 |    16 |    35 |       |       ||    60
       Kick              |     9 |    15 |    41 |       |       ||    65
       Tailslap          |     6 |     9 |    34 |    31 |    11 ||    91
       Punch             |       |     2 |     3 |    18 |     4 ||    27
 Cast: Beastly Appendage |    19 |    16 |    22 |       |       ||    57
       Wereblood         |     1 |     3 |    12 |     6 |     5 ||    27
       Spider Form       |       |     3 |    13 |       |       ||    16
       Blade Hands       |       |       |     9 |    31 |    10 ||    50
       Ice Form          |       |       |       |     2 |     2 ||     4
Invok: Lunge             |       |       |    23 |    33 |     7 ||    63
       Whirlwind         |       |       |    33 |    74 |    33 ||   140
       Serpent's Lash    |       |       |       |     2 |     1 ||     3
 Abil: Breathe Fire      |       |       |    14 |    16 |     6 ||    36
       Wall Jump         |       |       |     1 |     5 |     2 ||     8
Evoke: Wand              |       |       |       |     3 |     2 ||     5
       Box of beasts     |       |       |       |     1 |       ||     1
       Tin of tremorston |       |       |       |     1 |       ||     1
       Condenser vane    |       |       |       |     1 |       ||     1
  Use: Scroll            |       |       |    11 |    12 |     3 ||    26
       Potion            |       |       |     3 |     1 |       ||     4
 Stab: Sleeping          |       |       |     3 |       |     1 ||     4
Armor: Skin              |    29 |    34 |    62 |    43 |    31 ||   199
Dodge: Dodged            |    63 |    58 |   238 |   221 |   154 ||   734
Block: Other             |       |       |    48 |    61 |    33 ||   142
       Reflection        |       |       |     1 |     2 |       ||     3

Table legend: (Time is in decaauts)
 A = Elapsed time spent in this place.
 B = Non-inter-level travel time spent in this place.
 C = Inter-level travel time spent in this place.
 D = Time resting spent in this place.
 E = Time spent auto-exploring this place.
 F = Levels seen in this place.
 G = Mean time per level.
                   A        B        C        D        E       F      G
               +--------+--------+--------+--------+--------+-----+--------+
         Total |  23855 |  23051 |    804 |   6645 |  12285 |  18 | 1325.3 |
       Dungeon |  16088 |  15462 |    626 |   4641 |   7787 |  12 | 1340.7 |
        Temple |     92 |     92 |      0 |      0 |     69 |   1 |   92.0 |
          Lair |   7674 |   7496 |    178 |   2004 |   4428 |   5 | 1534.8 |
               +--------+--------+--------+--------+--------+-----+--------+

Top non-repeatable levels by time:
     D:7: 2331 daAuts
  Lair:3: 2233 daAuts
  Lair:4: 2049 daAuts
  Lair:1: 1683 daAuts
    D:11: 1678 daAuts
     D:3: 1636 daAuts
     D:5: 1616 daAuts
     D:4: 1455 daAuts
     D:1: 1391 daAuts
  Lair:2: 1376 daAuts
    D:10: 1194 daAuts
    D:12: 1060 daAuts
     D:6: 988 daAuts
     D:9: 954 daAuts
     D:8: 932 daAuts
